 Dungeon Crawl Stone Soup version 0.29.1-4-g47bece8355 (webtiles) character file.

Game seed: 3048156170258724060

686 safid the Shooter (level 7, -10/66 HPs)
             Began as a Minotaur Hunter on Dec 2, 2022.
             Was an Initiate of Okawaru.
             Mangled by Edmund
             ... wielding a +3 flail of holy wrath
              (12 damage)
             ... on level 4 of the Dungeon.
             The game lasted 00:06:37 (3816 turns).

safid the Shooter (Minotaur Hunter)                 Turns: 3816, Time: 00:06:37

Health: -10/66     AC:  4    Str: 15    XL:     7   Next: 35%
Magic:  6/6        EV: 12    Int:  6    God:    Okawaru [......]
Gold:   229        SH:  0    Dex: 16    Spells: 6/6 levels left

rFire   . . .      SeeInvis .   a - +0 shortbow
rCold   + . .      Faith    .   (shield currently unavailable)
rNeg    . . .      Spirit   .   c - +0 leather armour
rPois   .          Reflect  .   f - +1 hat
rElec   .          Harm     .   (no cloak)
rCorr   .          Rampage  .   (no gloves)
Will    .....                   (no boots)
Stlth   +.........              (no amulet)
HPRegen 0.21/turn               o - ring of protection from cold
MPRegen 0.10/turn               r - ring of flight

@: flying
A: horns 2, retaliatory headbutt
a: Renounce Religion


You were on level 4 of the Dungeon.
You worshipped Okawaru.
Okawaru was noncommittal.
You visited 2 branches of the dungeon, and saw 5 of its levels.

You collected 229 gold pieces.

Inventory:

Hand Weapons
 a - a +0 shortbow (weapon)
Armour
 c - a +0 leather armour (worn)
 f - a +1 hat (worn)
Jewellery
 o - a ring of protection from cold (left hand)
 r - a ring of flight (right hand)
 u - a ring of resist corrosion
 w - a +6 ring of strength
Wands
 t - a wand of flame (18)
Scrolls
 b - a scroll of immolation
 e - 4 scrolls of teleportation {unknown}
 i - a scroll of enchant weapon {unknown}
 m - a scroll of vulnerability {unknown}
 n - a scroll of poison {unknown}
 s - a scroll of blinking {unknown}
 v - a scroll of acquirement {unknown}
Potions
 d - 4 potions of ambrosia {unknown}
 g - a potion of lignification {unknown}
 h - 4 potions of flight {unknown}
 j - a potion of heal wounds {unknown}
 k - a potion of invisibility {unknown}
 l - 3 potions of degeneration {unknown}
 p - a potion of mutation {unknown}
 q - a potion of curing {unknown}


   Skills:
 + Level 7.2 Fighting
 + Level 7.7 Ranged Weapons
 - Level 2.1 Dodging
 - Level 0.7 Stealth


You had 6 spell levels left.
You didn't know any spells.
Your spell library was empty.

Dungeon Overview and Level Annotations

Branches:
Dungeon (4/15)             Temple (1/1) D:4

Altars:
Dithmenos
Kikubaaqudgha
Nemelex Xobeh
Okawaru
Trog
Vehumet

Shops:
D:1 ((:[[

Annotations:
D:3 1 runed translucent door, Crazy Yiuf
D:4 Edmund


Innate Abilities, Weirdness & Mutations

You have a pair of horns on your head.
You reflexively headbutt those who attack you in melee.


Message History

You are too injured to fight recklessly!
You are too injured to fight recklessly!
You are too injured to fight recklessly!
Unknown command.
Fire: a) +0 shortbow
Press: ? - help, Q - select action, (/) - cycle Shift-Dir - straight line, f/p - Edmund
Aim: Edmund, wielding a +3 flail of holy wrath and wearing a +0 ring mail (almost dead, 69% to hit)
You shoot an arrow. The arrow barely misses Edmund.
Edmund closely misses you.
Unknown command.
Fire: a) +0 shortbow
Press: ? - help, Q - select action, (/) - cycle Shift-Dir - straight line, f/p - Edmund
Aim: Edmund, wielding a +3 flail of holy wrath and wearing a +0 ring mail (almost dead, 69% to hit)
You shoot an arrow. The arrow hits Edmund.
Edmund is almost dead.
Edmund hits you with a +3 flail of holy wrath!
* * * LOW HITPOINT WARNING * * *
Unknown command.
Fire: a) +0 shortbow
Press: ? - help, Q - select action, (/) - cycle Shift-Dir - straight line, f/p - Edmund
Aim: Edmund, wielding a +3 flail of holy wrath and wearing a +0 ring mail (almost dead, 69% to hit)
You shoot an arrow.
The arrow hits Edmund but does no damage.
Edmund is almost dead.
Edmund hits you with a +3 flail of holy wrath!
* * * LOW HITPOINT WARNING * * *
Fire: a) +0 shortbow
Press: ? - help, Q - select action, (/) - cycle Shift-Dir - straight line, f/p - Edmund
Aim: Edmund, wielding a +3 flail of holy wrath and wearing a +0 ring mail (almost dead, 69% to hit)
You shoot an arrow. The arrow barely misses Edmund.
Edmund hits you with a +3 flail of holy wrath!
* * * LOW HITPOINT WARNING * * *
Fire: a) +0 shortbow
Press: ? - help, Q - select action, (/) - cycle Shift-Dir - straight line, f/p - Edmund
Aim: Edmund, wielding a +3 flail of holy wrath and wearing a +0 ring mail (almost dead, 69% to hit)
You shoot an arrow.
The arrow hits Edmund but does no damage.
Edmund is almost dead.
Edmund hits you with a +3 flail of holy wrath!
You die...

.........#.#.#
##########.#.#
# #.#.# # #.#.#
# #.#.# # #.#.#
# #.#.# #
#.#.##########.
#
#.#....@@......
######
#.#############
#....# #.#
##†#.# #.###
...#.# #...#
####.#######.#
#.........#
###########


You could see Edmund.

Vanquished Creatures
  Grinder (D:3)
  A phantom (D:4)
  3 orc priests
  Terence (D:2)
  An iguana (D:4)
  5 orc wizards
  Robin (D:4)
  3 adders
  2 worms
  3 dart slugs
  15 orcs
  4 endoplasms
  2 giant cockroaches
  11 goblins
  15 hobgoblins
  3 jackals (D:1)
  2 kobolds
  2 quokkas
  4 ball pythons
  5 bats
  A frilled lizard (D:1)
  6 rats
91 creatures vanquished.

Notes
Turn   | Place    | Note
-------+----------+-------------------------------------------
     0 | D:1      | safid the Minotaur Hunter began the quest for the Orb.
     0 | D:1      | Reached XP level 1. HP: 18/18 MP: 0/0
    87 | D:1      | Found Xelur's Antique Weapon Shop.
   207 | D:1      | Found Ome Etuf's Antique Armour Emporium.
   220 | D:1      | Reached XP level 2. HP: 25/25 MP: 1/1
   369 | D:1      | Found Gianepin's Armour Shoppe.
   549 | D:1      | Found Tuwnoiqu's Book Boutique.
   649 | D:1      | Found Rarogac's Weapon Boutique.
   702 | D:2      | Reached skill level 5 in Ranged Weapons
   702 | D:2      | Reached XP level 3. HP: 31/31 MP: 2/2
   758 | D:2      | Noticed Terence
   768 | D:2      | Killed Terence
  1030 | D:2      | Found a faded altar of an unknown god.
  1339 | D:3      | Reached XP level 4. HP: 40/40 MP: 3/3
  1374 | D:3      | Noticed Grinder
  1376 | D:3      | Paralysed by Grinder for 5 turns
  1394 | D:3      | Killed Grinder
  1395 | D:3      | Reached skill level 5 in Fighting
  1395 | D:3      | Reached XP level 5. HP: 37/49 MP: 4/4
  1395 | D:3      | Reached XP level 6. HP: 42/56 MP: 5/5
  1587 | D:3      | Found a runed translucent door.
  1588 | D:3      | Noticed Crazy Yiuf
  1746 | D:3      | Found a shadowy altar of Dithmenos.
  2026 | D:3      | HP: 2/57 [something (2)]
  2594 | D:4      | Noticed Robin
  2606 | D:4      | Killed Robin
  2717 | D:4      | Found a staircase to the Ecumenical Temple.
  2727 | Temple   | Entered the Ecumenical Temple
  2732 | Temple   | Became a worshipper of Warmaster Okawaru
  2837 | D:4      | Reached XP level 7. HP: 47/64 MP: 6/6
  3795 | D:4      | Noticed Edmund
  3815 | D:4      | HP: 2/66 [Edmund/+3 flail of holy wrath (7)]
  3816 | D:4      | Mangled by Edmund

Illustrated notes

Levels and vault maps discovered:
D:1:      psy_arrival_terrarium, layout_loops_ring, serial_shops,
          nicolae_shop_crystal, nicolae_shop_statue_plus, shop, shop, shop
D:2:      layout_rooms, shapermc_ecumenical_altar_flowoftime,
          serial_corexii_hall, corexii_hall_statues_l, corexii_hall_statues_i,
          corexii_hall_statues_x, corexii_hall_statues_deadend,
          corexii_hall_statues_l, chequers_hall_statues_wall_a, uniq_terence
D:3:      layout_loops_ring, nicolae_dithmenos_shadow_blocks,
          uniq_crazy_yiuf_cottage, uniq_grinder
D:4:      layout_basic, minmay_temple_entry_butterflies, uniq_edmund, uniq_robin
Temple:   regret_index_temple_chain_breaker

Skill      XL: |  1  2  3  4  5  6  7 |
---------------+----------------------+-----
Fighting       | 3 4 5 6 7 |  7.2
Ranged Weapons | 5 6 7 |  7.7
Dodging        | |  2.1
Stealth        | |  0.7

Action                   |  1- 3 |  4- 6 |  7- 9 || total
-------------------------+-------+-------+-------++-------
 Fire: Shortbow          |    92 |   186 |    78 ||   356
Armor: Leather armour    |    14 |    26 |     7 ||    47
Dodge: Dodged            |    37 |    44 |    13 ||    94
